 Dungeon Crawl Stone Soup version 0.31.0-11-ge490571c62 (webtiles) character file.

Game seed: 14790822093347390801

89 qw the Shooter (level 4, 0/23 HPs)
             Began as a Spriggan Hunter on Feb 4, 2024.
             Succumbed to a water moccasin's poison
             ... on level 3 of the Dungeon.
             The game lasted 00:00:05 (1677 turns).

qw the Shooter (Spriggan Hunter)                    Turns: 1677, Time: 00:00:06

Health: 0/23       AC:  2    Str: 12 (13) XL:     4   Next: 31%
Magic:  5/5        EV: 19    Int:  8 (10) God:
Gold:   131        SH:  0    Dex: 19 (20) Spells: 3/3 levels left

rFire   . . .        a - +0 shortbow
rCold   . . .        (shield currently unavailable)
rNeg    . . .        c - +0 robe
rPois   .            (helmet restricted)
rElec   .            (no cloak)
rCorr   .            (gloves unavailable)
SInv    +            (boots unavailable)
Will    .....        (no amulet)
Stlth   ++           i - +6 ring of strength
HPRegen 0.23/turn    (no ring)
MPRegen 0.09/turn

%: no passive effects
@: lethally poisoned (0 -> -22), about to teleport, very quick
A: very small, no large weapons, unfitting armour, see invisible, speed 3
a: no special abilities


You were on level 3 of the Dungeon.
You visited 1 branch of the dungeon, and saw 3 of its levels.

You collected 131 gold pieces.


Innate Abilities, Weirdness & Mutations

You are very small and have problems with some larger weapons.
You are too small for most types of armour.
You have supernaturally acute eyesight. (SInv)
You cover ground extremely quickly. (Speed+++)


   Skills:
 - Level 2.0 Fighting
 - Level 5.0 Ranged Weapons
 + Level 4.3 Dodging
 - Level 1.5 Stealth


You had 3 spell levels left.
You didn't know any spells.
Your spell library was empty.

Inventory:

Hand Weapons
 a - a +0 shortbow (weapon)
Armour
 c - a +0 robe (worn)
Jewellery
 h - a ring of fire
 i - a +6 ring of strength (left hand)
Scrolls
 b - a scroll of amnesia {unknown}
Potions
 d - a potion of enlightenment
 e - 2 potions of mutation
 f - 2 potions of haste {unknown}
 g - a potion of cancellation {unknown}

Dungeon Overview and Level Annotations

Branches:
Dungeon (3/15)

Altars:
Gozag
Kikubaaqudgha


Message History

You shoot an arrow. The arrow hits the adder!
You kill the adder!
Found an opulent altar of Gozag.
You now have 121 gold pieces (gained 1).
You now have 122 gold pieces (gained 1).
You now have 124 gold pieces (gained 2).
You now have 125 gold pieces (gained 1).
You now have 126 gold pieces (gained 1).
You now have 128 gold pieces (gained 2).
You now have 130 gold pieces (gained 2).
An endoplasm comes into view.
You shoot an arrow. The endoplasm quivers.
The arrow hits the endoplasm but does no damage.
You shoot an arrow. The arrow hits the endoplasm.
The endoplasm is lightly wounded.
You shoot an arrow. The arrow hits the endoplasm.
The endoplasm is almost dead.
You shoot an arrow. The arrow hits the endoplasm.
You kill the endoplasm!
You now have 131 gold pieces (gained 1).
A water moccasin comes into view.
Found an ancient bone altar of Kikubaaqudgha.
A water moccasin is nearby!
The water moccasin hisses angrily.
You shoot an arrow. The arrow hits the water moccasin!
The water moccasin is moderately wounded.
The water moccasin bites you!
You are lethally poisoned!
The water moccasin poisons you!
You shoot an arrow. The arrow hits the water moccasin.
The water moccasin is moderately wounded.
You feel very sick. The water moccasin bites you.
You are more poisoned.
The water moccasin poisons you! The water moccasin closely misses you.
1677 ||| READING scroll of teleportation.
As you read the scroll of teleportation, it crumbles to dust.
You feel strangely unstable.
You die...

#.##### .......###
...PPP.@.# P....PSP.#
P......P.###
....P......#
..P......#.#
.P...P.P...#
..._.....#.########
......####......#.#####
##...###.#..._.......#


You could see a water moccasin.

Vanquished Creatures
  Terence (D:2)
  An adder (D:3)
  2 ufetubi (D:3)
  A dart slug (D:2)
  7 endoplasms
  A giant cockroach (D:2)
  3 goblins
  4 hobgoblins
  3 jackals (D:2)
  A quokka (D:1)
  4 ball pythons (D:2)
  3 bats
  4 frilled lizards
  4 kobolds
  3 rats
42 creatures vanquished.

Notes
Turn   | Place    | Note
-------+----------+-------------------------------------------
     0 | D:1      | qw the Spriggan Hunter began the quest for the Orb.
     0 | D:1      | Reached XP level 1. HP: 10/10 MP: 2/2
     0 | D:1      | 0 ||| qw: Version: 0.3-a-160-g6735b56
     0 | D:1      | 0 ||| qw: Game counter: 4520
     0 | D:1      | 0 ||| qw: Melee chars always use a shield: true
     0 | D:1      | 0 ||| qw: God list: Okawaru
     0 | D:1      | 0 ||| qw: Allow faded altars: false
     0 | D:1      | 0 ||| qw: Do Orc after clearing Dungeon:15 true
     0 | D:1      | 0 ||| qw: Do second Lair branch before Depths: true
     0 | D:1      | 0 ||| qw: Lair rune preference: random
     0 | D:1      | 0 ||| qw: Goals: Normal
     0 | D:1      | 0 ||| PLANNING D:1-11
   129 | D:1      | Reached skill level 3 in Dodging
   286 | D:1      | Reached XP level 2. HP: 14/14 MP: 3/3
   613 | D:1      | 613 ||| UPGRADING to +6 ring of strength.
   614 | D:1      | 614 ||| READING 2 scrolls labelled UTHENUEMNIO.
   614 | D:1      | 614 ||| IDENTIFYING bubbling blue potion
   615 | D:1      | 615 ||| READING scroll of identify.
   615 | D:1      | 615 ||| IDENTIFYING amethyst potion
   616 | D:1      | 616 ||| READING scroll labelled BUTIUS CICVEAN.
   617 | D:1      | 617 ||| READING scroll labelled SYIWKIO XIWKI.
   618 | D:1      | 618 ||| DRINKING 2 yellow potions.
   619 | D:1      | 619 ||| DRINKING 2 inky potions.
   620 | D:1      | 620 ||| DROPPING scroll of butterflies.
   621 | D:1      | 621 ||| DROPPING potion of attraction.
   622 | D:1      | 622 ||| DROPPING potion of degeneration.
   663 | D:2      | 663 ||| FLEEEEING.
   664 | D:2      | 664 ||| FLEEEEING.
   803 | D:2      | Found a faded altar of an unknown god.
   971 | D:2      | Noticed Terence
   983 | D:2      | Killed Terence
   984 | D:2      | Reached XP level 3. HP: 6/18 MP: 4/4
  1332 | D:2      | Reached skill level 5 in Ranged Weapons
  1376 | D:2      | 1376 ||| READING scroll labelled ENEMIL IDIR.
  1418 | D:3      | Reached XP level 4. HP: 18/23 MP: 5/5
  1629 | D:3      | Found an opulent altar of Gozag.
  1662 | D:3      | Noticed a water moccasin
  1664 | D:3      | Found an ancient bone altar of Kikubaaqudgha.
  1676 | D:3      | HP: 5/23 [water moccasin (5)]
  1677 | D:3      | 1677 ||| READING scroll of teleportation.
  1677 | D:3      | Succumbed to a water moccasin's poison

Levels and vault maps discovered:
D:1:      dpeg_arrival_oval, layout_basic, minmay_misc_feat_enclosed
D:2:      layout_loops_ring, shapermc_ecumenical_altar_totnotflames,
          chequers_arboretum, uniq_terence
D:3:      layout_loops_cross, nicolae_gozag_seed_capital,
          mainiacjoe_overflow_catch_the_wave, gammafunk_ghost_necromancy

Skill      XL: |  1  2  3  4 |
---------------+-------------+-----
Dodging        | 3 4 |  4.3
Ranged Weapons | 5 |  5.0
Fighting       | 2 |  2.0
Stealth        | |  1.5

Action                     |  1- 3 |  4- 6 || total
---------------------------+-------+-------++-------
   Fire: Shortbow          |   101 |    17 ||   118
    Use: Scroll            |     5 |     1 ||     6
         Potion            |     2 |       ||     2
 Armour: Robe              |    12 |     4 ||    16
  Dodge: Dodged            |    43 |    10 ||    53

Table legend:
 A = Non-vault XP
 B = Vault XP
 C = Vault XP percentage of total XP
 D = Non-vault monster count
 E = Vault monster count
 F = Vault count percentage of total count
                 A         B        C        D         E       F
            +---------+---------+-------+---------+---------+-------
      Total |      92 |      36 |  28.1 |      41 |       1 |   2.4
            +---------+---------+-------+---------+---------+-------
        D:1 |      15 |       0 |   0.0 |      11 |       0 |   0.0
        D:2 |      40 |      36 |  47.4 |      22 |       1 |   4.3
        D:3 |      37 |       0 |   0.0 |       8 |       0 |   0.0
            +---------+---------+-------+---------+---------+-------
